 Dungeon Crawl Stone Soup version 0.29.1-15-g9cfb28693d (webtiles) character file.

Game seed: 5240582628192177734

11 leafyfresh the Sneak (level 2, -2/21 HPs)
             Began as an Octopode Delver on Mar 4, 2023.
             Slain by an orc priest
             ... wielding a +0 trident
              (3 damage)
             ... on level 4 of the Dungeon.
             The game lasted 00:00:47 (490 turns).

leafyfresh the Sneak (Octopode Delver)               Turns: 490, Time: 00:00:47

Health: -2/21      AC:  1    Str: 11    XL:     2   Next: 29%
Magic:  2/2        EV: 13    Int: 12    God:
Gold:   31         SH:  0    Dex: 13    Spells: 1/1 levels left

rFire   . . .      SeeInvis .   a - +0 short sword
rCold   . . .      Faith    .   (no shield)
rNeg    . . .      Spirit   .   (helmet restricted)
rPois   .          Reflect  .   (no amulet)
rElec   .          Harm     .   (no ring)
rCorr   .          Rampage  .   (no ring)
Will    .....                   (no ring)
Stlth   ++++......              (no ring)
HPRegen 0.07/turn               (no ring)
MPRegen 0.08/turn               (no ring)
                                (no ring)
                                (no ring)

@: no status effects
A: almost no armour, amphibious, 8 rings, camouflage 1, gelatinous body 1,
(nimble swimmer 1), tentacles
a: no special abilities


You were on level 4 of the Dungeon.
You visited 1 branch of the dungeon, and saw 2 of its levels.

You collected 31 gold pieces.

Inventory:

Hand Weapons
 a - a +0 short sword (weapon)
Wands
 f - a wand of digging (3)
Scrolls
 b - a scroll of fog
 c - a scroll of magic mapping
 d - a scroll of fear
 g - a scroll of teleportation {unknown}
 i - a scroll of identify {unknown}
Potions
 e - a potion of haste
 h - a potion of brilliance {unknown}


   Skills:
 + Level 3.2 Fighting
 - Level 2.0 Short Blades
 + Level 2.3 Dodging
 + Level 6.8 Stealth


You had one spell level left.
You didn't know any spells.
Your spell library contained the following spells:

 Spells                   Type           Power      Damage    Failure   Level
 Tukima's Dance           Hex            0%         N/A       69%         3
 Passage of Golubria      Tloc           0%         N/A       97%         4
 Yara's Violent Unravell  Hex/Tmut       0%         3d3       100%        5


Dungeon Overview and Level Annotations

Branches:
Dungeon (5/15)
 Temple: D:4-7

Altars:

Shops:
D:4 (


Innate Abilities, Weirdness & Mutations

You cannot wear most types of armour.
You are amphibious.
You can wear up to eight rings at the same time.
Your skin changes colour to match your surroundings (Stealth+).
Your rubbery body absorbs attacks. (AC +1, EV +1)
((You are camouflaged when in or above water. (Stealth+)))
You have tentacles for arms and can constrict up to eight enemies at once.


Message History

There is a stone staircase leading up here.
There is an open door here.
There is an open door here.
You open the door.
There is an open door here.
There is an open door here.
Key pressed, stopping explore.
No target in view!
You now have 31 gold pieces (gained 7).
There is an open door here.
There are monsters nearby!
There are monsters nearby!
The orc shouts! x2; The orc priest shouts!
The orc shouts!
The goblin shouts!
There is an open door here.
The orc priest looks braver for a moment.
You hit the orc but do no damage. You grab the orc.
You constrict the orc, but do no damage.
The orc closely misses you.
You hit the orc but do no damage. You squeeze the orc.
The orc is heavily wounded.
You constrict the orc. The orc priest barely misses you. The orc misses you.
You hit the orc.
You kill the orc!
The orc priest calls down the wrath of Beogh upon you.
Pain shoots through your body!
Ouch! That really hurt!
You closely miss the orc. You grab the orc.
You constrict the orc, but do no damage.
The orc priest hits you but does no damage.
The orc hits you with a +0 flail!
* * * LOW HITPOINT WARNING * * *
You hit the orc.
The orc is lightly wounded.
You constrict the orc. The orc priest barely misses you.
The orc completely misses you.
You hit the orc.
You kill the orc!
The orc priest hits you from afar with a +0 trident.
You die...

+...!...... #..........
#.......... #..........
#..)....... #......g...
#.goo...... ###)######
#@#
######.################
#....#.................
#....#..##############.
#....#..#....).......'.
#....'..#.##..########.
#....#........# #.
#....#..#.#...# #.
#....#..#.....# #.


You could see an orc priest, an orc and a goblin.

Vanquished Creatures
  3 orcs (D:4)
  3 endoplasms (D:4)
  2 goblins (D:4)
  A hobgoblin (D:4)
9 creatures vanquished.

Notes
Turn   | Place    | Note
-------+----------+-------------------------------------------
     0 | D:5      | leafyfresh the Octopode Delver began the quest for the Orb.
     0 | D:5      | Reached XP level 1. HP: 16/16 MP: 1/1
    44 | D:5      | Noticed a hound
    74 | D:4      | Noticed an orc priest
   166 | D:4      | Found Muif's Weapon Shop.
   176 | D:4      | Reached XP level 2. HP: 18/21 MP: 2/2
   488 | D:4      | HP: 1/21 [orc/+0 flail (8)]
   490 | D:4      | Slain by an orc priest

Illustrated notes

Levels and vault maps discovered:
D:4:      layout_basic, serial_shops, shop_statue
D:5:      layout_gridville

Action                   || total
-------------------------++-------
Melee: Short sword       ||    15
       Tentacles         ||     3
       Constrict         ||     3
 Stab: Sleeping          ||     3
Armor: Skin              ||     1
Dodge: Dodged            ||     6
